 Dungeon Crawl Stone Soup version 0.31-a0-1616-gbeaec30b81 (webtiles) character file.

Game seed: 17047228580730053810

7911 night the Cleaver (level 11, -3/129 HPs)
             Began as a Demonspawn Berserker on Jan 9, 2024.
             Was a High Priest of Trog.
             Succumbed to orange demon's concentrated venom
             ... on level 11 of the Dungeon on Jan 10, 2024.
             The game lasted 00:20:41 (10053 turns).

night the Cleaver (Demonspawn Berserker)           Turns: 10053, Time: 00:20:41

Health: -3/129     AC: 20    Str: 18    XL:     11   Next: 3%
Magic:  11/11      EV: 17    Int:  7    God:    Trog [*****.]
Gold:   329        SH:  9    Dex: 13    Spells: 10/10 levels left

rFire   . . .        b - +1 battleaxe (flame)
rCold   . . .        (shield currently unavailable)
rNeg    . . .        y - +0 scale mail
rPois   .            (no helmet)
rElec   +            N - +1 cloak of Insatiable Hunger {rElec rCorr Str-4 SInv}
rCorr   +            M - +0 pair of gloves
SInv    +            D - +0 pair of boots
Will    .....        w - amulet of reflection Stlth
                     t - +5 ring of evasion
HPRegen 0.41/turn    O - +4 ring of protection
MPRegen 0.12/turn

%: reflection
@: berserking, lethally poisoned (-3 -> -47), slowed
A: hooves 2, foul stench 3, icemail 1, condensation shield
a: Renounce Religion, Berserk, Trog's Hand, Brothers in Arms


You were on level 11 of the Dungeon.
You worshipped Trog.
Trog was extremely pleased with you.
You visited 1 branch of the dungeon, and saw 11 of its levels.
You also visited: Sewer.

You collected 557 gold pieces.
You spent 228 gold pieces at shops.

Inventory:

Hand Weapons
 b - a +1 battleaxe of flaming (weapon)
Missiles
 a - 3 datura-tipped darts
 f - 152 stones (quivered)
 r - 6 boomerangs
 A - 3 curare-tipped darts
 B - 13 poisoned darts
 E - 6 javelins
Armour
 y - a +0 scale mail (worn)
 D - a +0 pair of boots (worn)
 M - a +0 pair of gloves (worn)
 N - the +1 cloak of Insatiable Hunger (worn) {rElec rCorr Str-4 SInv}
   (You bought it in a shop on level 7 of the Dungeon)

   Str-4:     It affects your strength (-4).
   rElec:     It insulates you from electricity.
   SInv:      It lets you see invisible.
   rCorr:     It protects you from acid and corrosion.
Jewellery
 t - a +5 ring of evasion (left hand)
 v - the ring "Tunnuic" {Ice Str+3 Int+2}
   (You found it on level 3 of the Dungeon)

   [ring of ice]

   Ice:       It enhances your ice magic.
   Str+3:     It affects your strength (+3).
   Int+2:     It affects your intelligence (+2).
   rF-:       It makes you vulnerable to fire.
   rC+:       It protects you from cold.
 w - an amulet of reflection (around neck)
 O - a +4 ring of protection (right hand)
Wands
 l - a wand of mindburst (13)
 L - a wand of flame (9)
Scrolls
 c - 3 scrolls of immolation
 e - 2 scrolls of noise
 j - 2 scrolls of enchant armour
 k - 2 scrolls of vulnerability
 m - 2 scrolls of fear {unknown}
 n - 6 scrolls of teleportation
 s - 3 scrolls of amnesia {unknown}
 u - 2 scrolls of poison {unknown}
 z - 2 scrolls of revelation {unknown}
 C - a scroll of torment {unknown}
 G - a scroll of identify
 I - a scroll of blinking {unknown}
Potions
 d - 3 potions of brilliance
 g - a potion of lignification {unknown}
 h - 3 potions of might {unknown}
 i - 10 potions of heal wounds {unknown}
 o - a potion of berserk rage {unknown}
 p - 8 potions of curing
 q - 2 potions of magic {unknown}
 x - a potion of cancellation {unknown}
 F - 2 potions of invisibility {unknown}
 H - 3 potions of ambrosia {unknown}
 J - 2 potions of mutation {unknown}
 K - a potion of resistance {unknown}


   Skills:
 + Level 8.2 Fighting
 * Level 10.3 Axes
 + Level 7.2 Armour
 + Level 7.3 Dodging


You had 10 spell levels left.
You didn't know any spells.
Your spell library contained the following spells:

 Spells                   Type           Power      Damage    Failure   Level
 Apportation              Tloc           0%         N/A       78%         1
 Freeze                   Ice            0%         1d3       78%         1
 Magic Dart               Conj           0%         1d3       78%         1
 Necrotise                Necr           0%         1d4       78%         1
 Sting                    Conj/Alch      0%         1d3       78%         1
 Summon Small Mammal      Summ           0%         N/A       78%         1
 Call Imp                 Summ           0%         N/A       89%         2
 Searing Ray              Conj           0%         2d4       89%         2
 Sublimation of Blood     Necr           0%         N/A       89%         2
 Frozen Ramparts          Ice            0%         1d1       98%         3
 Hailstorm                Conj/Ice       0%         3d5       98%         3
 Fulminant Prism          Conj/Alch      0%         3d5       100%        4
 Conjure Ball Lightning   Conj/Air       0%         3x3d6     100%        6
 Summon Hydra             Summ           0%         N/A       100%        7
 Discord                  Hex            0%         N/A       100%        8
 Disjunction              Tloc           0%         N/A       100%        8


Dungeon Overview and Level Annotations

Branches:
Dungeon (11/15)            Temple (0/1) D:7            Lair (0/5) D:9
    Orc (0/2) D:10          Sewer (visited)

Altars:
Cheibriados
Fedhas
Kikubaaqudgha
Nemelex Xobeh
Okawaru
Sif Muna
Vehumet
Xom
Yredelemnul

Shops:
D:7 =([[(   D:8 (


Innate Abilities, Weirdness & Mutations

You have hoof-like feet.
You frequently emit foul miasma when damaged in melee.
A meltable icy envelope protects you from harm. (AC +4)
A meltable shield of frost defends you. (SH +4)


Message History

You feel very sick. The wraith completely misses you.
The orange demon stings you from afar!
Amaemon hits you with a +1 demon whip of venom.
* * * LOW HITPOINT WARNING * * *
Amaemon claws you but does no damage. You block Amaemon's attack.
You are too injured to fight recklessly!
A red film seems to cover your vision as you go berserk!
You feel yourself moving faster!
You feel mighty!
You feel very sick. The orange demon barely misses you.
Amaemon mumbles some strange words.
The wraith hits you.
* * * LOW HITPOINT WARNING * * *
The wraith drains your vigour!
You feel yourself slow down.
You slash Amaemon! You burn Amaemon.
You kill Amaemon!
Trog accepts your kill.
Trog appreciates your killing of a magic user.
The scorpion disappears in a puff of smoke!
You closely miss the wraith.
You feel sick. The orange demon closely misses you.
The wraith closely misses you.
You have reached level 11!
Your demonic ancestry asserts itself...
You begin to radiate miasma.
You closely miss the wraith.
You feel sick. You block the wraith's attack.
The orange demon stings you from afar.
* * * LOW HITPOINT WARNING * * *
You slash the wraith! You burn the wraith.
The wraith is moderately damaged.
You feel sick. The orange demon stings you from afar.
* * * LOW HITPOINT WARNING * * *
You are lethally poisoned!
You have difficulty breathing.
* * * LOW HITPOINT WARNING * * *
You feel as though you will be slow longer.
You block the wraith's attack.
You are too berserk!
You barely miss the wraith.
The wraith is moderately damaged.
You die...

#.#.#.#
#.######.#.#.#.#........
#........#...#.#........
####.........#.#........
#.#####.#.#.^........ #
#.#.#..........
#.#.#..........
#.#.#!.W)4.....
#.#.#..@# #.#.#...#
#.#.#.######
..#.........#
###.#####.# #.# #.# #.#
#.#


You could see an orange demon (curare) and a wraith.

Vanquished Creatures
  A boulder beetle (D:11)
  Amaemon (D:11)
  A manticore (D:11)
  An ugly thing (D:11)
  Jeremiah (D:7)
  A troll (D:10)
  A vampire (D:10)
  6 yaks
  3 steam dragons
  3 acid dragons
  4 water moccasins (D:9)
  2 orc warriors (D:9)
  2 sky beasts (D:7)
  3 black bears
  2 ogres
  3 centaurs
  A phantom (D:5)
  A kobold brigand (D:9)
  4 bullfrogs
  A gnoll sergeant (D:10)
  4 scorpions
  3 killer bees (D:11)
  6 electric eels
  5 howler monkeys
  A hound (D:6)
  5 orc priests
  A bombardier beetle (D:4)
  3 jellies
  Jessica (D:3)
  3 sleepcaps
  6 iguanas
  6 orc wizards
  10 adders
  10 gnolls
  A river rat (D:6)
  A white imp (D:5)
  8 ribbon worms
  6 dart slugs
  40 orcs
  16 endoplasms
  6 giant cockroaches
  11 goblins
  21 hobgoblins
  12 jackals
  2 quokkas (D:2)
  15 ball pythons
  3 bats
  6 frilled lizards
  9 kobolds
  22 rats
285 creatures vanquished.

Notes
Turn   | Place    | Note
-------+----------+-------------------------------------------
     0 | D:1      | night the Demonspawn Berserker began the quest for the Orb.
     0 | D:1      | Reached XP level 1. HP: 18/18 MP: 1/1
   238 | D:1      | Gained mutation: A meltable shield of frost defends you.
                  | (SH +4) [demonic ancestry]
   238 | D:1      | Reached XP level 2. HP: 22/24 MP: 2/2
   290 | D:1      | Reached skill level 3 in Axes
   290 | D:1      | Reached skill level 2 in Armour
   290 | D:1      | Reached skill level 2 in Dodging
   451 | D:1      | Reached XP level 3. HP: 29/29 MP: 3/3
   599 | D:1      | Found a faded altar of an unknown god.
  1044 | D:2      | Reached ** piety under Trog
  1199 | D:2      | Gained mutation: You have large cloven feet. [demonic
                  | ancestry]
  1199 | D:2      | Reached XP level 4. HP: 35/35 MP: 4/4
  1519 | D:2      | Found a shimmering altar of Xom.
  1794 | D:3      | Noticed Jessica
  1801 | D:3      | Killed Jessica
  1903 | D:3      | Reached skill level 4 in Axes
  1903 | D:3      | Reached XP level 5. HP: 42/42 MP: 5/5
  2190 | D:3      | Found a sparkling altar of Nemelex Xobeh.
  2190 | D:3      | Found a transporter.
  2204 | D:3      | Identified the ring "Tunnuic" {Ice Str+3 Int+2}
  2271 | D:3      | Noticed an ogre
  2277 | D:3      | Killed an ogre
  2277 | D:3      | Reached *** piety under Trog
  2460 | D:3      | Gained mutation: You have hoof-like feet. [demonic
                  | ancestry]
  2460 | D:3      | Reached XP level 6. HP: 48/48 MP: 6/6
  2951 | D:4      | Reached skill level 5 in Axes
  3036 | D:4      | Gained mutation: A meltable icy envelope protects you from
                  | harm. (AC +4) [demonic ancestry]
  3036 | D:4      | Reached XP level 7. HP: 55/55 MP: 7/7
  3045 | D:4      | Reached **** piety under Trog
  3355 | D:4      | HP: 8/55 [orc priest/+0 club (3)]
  3756 | D:5      | Entered Level 5 of the Dungeon
  3967 | D:5      | HP: 5/55 [ogre/+0 giant club (18)]
  4223 | D:5      | Reached skill level 5 in Fighting
  4362 | D:5      | Reached skill level 6 in Axes
  4387 | D:5      | Gained mutation: You may rarely emit foul miasma when
                  | damaged in melee. [demonic ancestry]
  4387 | D:5      | Reached XP level 8. HP: 48/62 MP: 8/8
  4780 | D:6      | Found a glowing drain.
  4797 | Sewer    | Entered a sewer
  4825 | Sewer    | Reached ***** piety under Trog
  4942 | Sewer    | Found a viscous altar of Jiyva.
  5372 | D:6      | Found a transporter.
  5409 | D:6      | Found a transporter.
  5479 | D:6      | Found a basalt altar of Yredelemnul.
  5488 | D:6      | Found a shimmering blue altar of Sif Muna.
  5618 | D:6      | Found a snail-covered altar of Cheibriados.
  6033 | D:7      | Found Pehe's Weapon Shop.
  6049 | D:7      | Noticed Jeremiah
  6074 | D:7      | Killed Jeremiah
  6075 | D:7      | Reached skill level 7 in Axes
  6076 | D:7      | Reached skill level 5 in Dodging
  6123 | D:7      | Identified the +1 short sword "Acarine's Curse" {flame,
                  | rC+}
  6131 | D:7      | Found Risazel's Antique Armour Shoppe.
  6152 | D:7      | Reached skill level 5 in Armour
  6156 | D:7      | Found Damaw's Antique Armour Emporium.
  6160 | D:7      | Bought a transparent cloak for 228 gold pieces
  6160 | D:7      | Identified the +1 cloak of Insatiable Hunger {rElec rCorr
                  | Str-4 SInv} (You bought it in a shop on level 7 of the
                  | Dungeon)
  6160 | D:7      | Upgraded the game from 0.31-a0-1612-g4aaf141004 to
                  | 0.31-a0-1616-gbeaec30b81
  6220 | D:7      | Reached XP level 9. HP: 69/69 MP: 9/9
  6298 | D:7      | Found a staircase to the Ecumenical Temple.
  6299 | D:7      | Found Bekluud's Weapon Emporium.
  6465 | D:7      | Found Kej Cips's Jewellery Shoppe.
  6775 | D:8      | Found Lorphuzy's Antique Weapon Shoppe.
  6969 | D:8      | Found a shimmering altar of Xom.
  7559 | D:9      | Reached skill level 8 in Axes
  7599 | D:9      | HP: 10/71 [orc warrior/+0 mace (4)]
  7604 | D:9      | Received a gift from Trog
  7604 | D:9      | HP: 8/71 [poisoned by a water moccasin]
  7610 | D:9      | HP: 14/108 [poisoned by a water moccasin]
  7880 | D:9      | Gained mutation: You sometimes emit foul miasma when
                  | damaged in melee. [demonic ancestry]
  7880 | D:9      | Reached XP level 10. HP: 74/79 MP: 10/10
  7903 | D:9      | Found a staircase to the Lair.
  7920 | D:9      | Reached skill level 9 in Axes
  8480 | D:10     | Entered Level 10 of the Dungeon
  8882 | D:10     | Found a staircase to the Orcish Mines.
  9235 | D:10     | Found a faded altar of an unknown god.
  9235 | D:10     | Found an ancient bone altar of Kikubaaqudgha.
  9242 | D:10     | Found a radiant altar of Vehumet.
  9244 | D:10     | Found a blossoming altar of Fedhas.
  9246 | D:10     | Found an iron altar of Okawaru.
  9607 | D:11     | Noticed a manticore
  9612 | D:11     | Noticed a boulder beetle
  9616 | D:11     | Killed a manticore
  9642 | D:11     | Killed a boulder beetle
  9643 | D:11     | Reached skill level 10 in Axes
  9655 | D:11     | Noticed a green ugly thing
  9668 | D:11     | Killed a green ugly thing
 10035 | D:11     | Noticed Amaemon
 10037 | D:11     | Noticed an orange demon
 10050 | D:11     | Killed Amaemon
 10051 | D:11     | Gained mutation: You frequently emit foul miasma when
                  | damaged in melee. [demonic ancestry]
 10051 | D:11     | Reached XP level 11. HP: 24/86 MP: 11/11
 10051 | D:11     | HP: 19/129 [orange demon[Amaemon] (4)]
 10052 | D:11     | HP: 8/129 [asphyx]
 10053 | D:11     | Succumbed to orange demon's concentrated venom

Illustrated notes

Levels and vault maps discovered:
D:1:      onia_arrival_handbag, layout_basic,
          shapermc_ecumenical_altar_hornbeckon, kennysheep_minor_cross
D:2:      layout_basic, basic_altar, minmay_circle_x
D:3:      layout_loops_cross, grunt_nemelex_the_gamble, minmay_misc_feat_roman,
          uniq_jessica
D:4:      corexii_shantytown, layout_rooms, mainiacjoe_overflow_boulevard
D:5:      layout_loops_ring, corexii_shack
D:6:      gammafunk_steamed_eel, layout_basic,
          mainiacjoe_overflow_small_starburst, nicolae_overflow_hidden_temple,
          portal_sewer_entry_e
D:7:      layout_basic, minmay_temple_entry_mini_moons, serial_shops,
          nicolae_shop_tiny_real_fake_doors, nicolae_shop_tiny_real_fake_doors,
          nicolae_shop_back_alley_shop, shop, shop, uniq_jeremiah
D:8:      layout_basic, lemuel_doored_altar, serial_shops,
          nicolae_shop_waterfront
D:9:      layout_gridville, due_lair_maze_entry_diamond
D:10:     layout_roguey, chequers_temple_overflow_minitemple, orc_0_dummy,
          serial_bayou_ford_a
D:11:     layout_basic, uniq_amaemon, uniq_urug, uniq_sonja

Skill      XL: |  1  2  3  4  5  6  7  8  9 10 |
---------------+-------------------------------+-----
Axes           | 3 4 5 6 7 8 10 | 10.3
Armour         | 2 3 4 5 6 7 |  7.2
Dodging        | 2 3 4 5 6 7 |  7.3
Fighting       | 4 5 6 7 8 |  8.2

Action                     |  1- 3 |  4- 6 |  7- 9 | 10-12 || total
---------------------------+-------+-------+-------+-------++-------
  Melee: Hand axe          |    95 |   202 |   306 |       ||   603
         Punch             |     2 |     2 |     2 |       ||     6
         Kick              |       |    57 |    21 |       ||    78
         War axe           |       |       |    93 |       ||    93
         Battleaxe         |       |       |    13 |   175 ||   188
  Throw: Stone             |       |       |     1 |       ||     1
 Invoke: Berserk           |     2 |     3 |       |     1 ||     6
         Trog's Hand       |       |       |     1 |       ||     1
  Evoke: Wand              |       |     1 |     3 |     3 ||     7
    Use: Scroll            |       |       |     7 |       ||     7
   Stab: Sleeping          |     4 |       |       |       ||     4
 Armour: Animal skin       |    34 |       |       |       ||    34
         Ring mail         |    23 |    66 |       |       ||    89
         Scale mail        |       |     6 |   175 |   149 ||   330
  Dodge: Dodged            |    66 |   122 |   314 |   166 ||   668
  Block: Other             |    11 |    47 |    59 |    83 ||   200
         Reflection        |       |     1 |       |     2 ||     3

Table legend: (Time is in decaauts)
 A = Elapsed time spent in this place.
 B = Non-inter-level travel time spent in this place.
 C = Inter-level travel time spent in this place.
 D = Time resting spent in this place.
 E = Time spent auto-exploring this place.
 F = Levels seen in this place.
 G = Mean time per level.
                   A        B        C        D        E       F      G
               +--------+--------+--------+--------+--------+-----+--------+
         Total |  10433 |   9955 |    478 |    875 |   6930 |  12 |  869.4 |
       Dungeon |  10120 |   9642 |    478 |    875 |   6820 |  11 |  920.0 |
         Sewer |    313 |    313 |      0 |      0 |    109 |   1 |  313.0 |
               +--------+--------+--------+--------+--------+-----+--------+

Top non-repeatable levels by time:
     D:4: 1247 daAuts
    D:10: 1144 daAuts
     D:6: 1064 daAuts
     D:8: 1002 daAuts
     D:1: 996 daAuts
     D:5: 962 daAuts
     D:9: 910 daAuts
     D:3: 900 daAuts
     D:2: 726 daAuts
     D:7: 695 daAuts
    D:11: 468 daAuts
   Sewer: 313 daAuts
